 Dungeon Crawl Stone Soup version 0.32-a0-292-g751ec8d2e7 (webtiles) character file.

Game seed: 8785093074697391129

1895 EC1 the Caller (level 9, -7/59 HPs)
             Began as a Merfolk Summoner on Feb 14, 2024.
             Was an Initiate of Hepliaklqana.
             Engulfed by a steam dragon's steam (14 damage)
             ... on level 7 of the Dungeon.
             The game lasted 00:26:03 (7922 turns).

EC1 the Caller (Merfolk Summoner)                   Turns: 7922, Time: 00:26:03

Health: -7/59      AC: 11    Str:  8    XL:     9   Next: 15%
Magic:  17/17      EV: 14    Int: 19    God:    Hepliaklqana [......]
Gold:   29         SH:  5    Dex: 14    Spells: 2/19 levels left

rFire   x . .        s - +1 war axe (venom)
rCold   + . .        I - orb {guile}
rNeg    . . .        a - +1 robe
rPois   .            u - +1 helmet
rElec   .            o - +1 cloak
rCorr   .            l - +0 pair of gloves
SInv    .            j - +2 pair of boots
Will    .....        g - amulet of reflection
Stlth   +++          k - ring of ice
HPRegen 0.29/turn    (no ring)
MPRegen 0.15/turn

%: reflection
@: no status effects
A: (nimble swimmer 2), mertail
a: Renounce Religion


You were on level 7 of the Dungeon.
You worshipped Hepliaklqana.
Hepliaklqana was noncommittal.
You visited 2 branches of the dungeon, and saw 8 of its levels.

You collected 389 gold pieces.
You spent 360 gold pieces at shops.

Inventory:

Hand Weapons
 n - a +0 long sword
 s - a +1 war axe of venom (weapon)
 x - a +1 dagger of chaos
Missiles
 c - 5 boomerangs
 z - a throwing net
Armour
 a - a +1 robe (worn)
 j - a +2 pair of boots (worn)
 l - a +0 pair of gloves (worn)
 o - a +1 cloak (worn)
 q - a +0 robe
 t - a +0 buckler
 u - a +1 helmet (worn)
 v - a +0 animal skin
 w - a +0 helmet
 B - a +2 ring mail of fire resistance
 C - a +0 pair of gloves
 E - a +0 animal skin
 H - a +3 chain mail
 I - an orb of guile (worn)
Jewellery
 g - an amulet of reflection (around neck)
 k - a ring of ice (left hand)
Scrolls
 m - 2 scrolls of noise
 p - 3 scrolls of teleportation
 y - a scroll of fog
 A - a scroll of silence
 G - a scroll of poison
Potions
 b - a potion of magic
 d - 2 potions of attraction
 e - a potion of ambrosia
 f - a potion of brilliance {unknown}
 h - a potion of heal wounds
 i - 4 potions of curing
 r - a potion of might {unknown}
 D - a potion of mutation {unknown}
 F - a potion of degeneration {unknown}


   Skills:
 + Level 1.4 Fighting
 + Level 1.8 Long Blades
 + Level 3.2 Axes
 + Level 5.4 Dodging
 + Level 4.4 Stealth
 + Level 2.6 Shields
 + Level 0.8 Unarmed Combat
 + Level 5.6 Spellcasting
 + Level 7.3 Summonings
 + Level 1.1 Fire Magic
 + Level 0.1 Air Magic


You had 2 spell levels left.
You knew the following spells:

 Your Spells              Type           Power      Damage    Failure   Level
a - Summon Small Mammal   Summ           100%       N/A       1%          1
b - Call Imp              Summ           66%        N/A       1%          2
c - Call Canine Familiar  Summ           33%        N/A       1%          3
d - Summon Blazeheart Go  Fire/Summ      21%        N/A       21%         4
e - Summon Lightning Spi  Summ/Air       19%        N/A       24%         4
f - Vampiric Draining     Necr           5%         2d6       34%         3

Your spell library contained the following spells:

 Spells                   Type           Power      Damage    Failure   Level
 Kiss of Death            Conj/Necr      20%        2d7       12%         1
 Slow                     Hex            20%        N/A       12%         1
 Confusing Touch          Hex            5%         N/A       34%         3
 Sigil of Binding         Hex            5%         N/A       34%         3
 Dispel Undead            Necr           5%         3d7       75%         4


Dungeon Overview and Level Annotations

Branches:
Dungeon (7/15)             Temple (1/1) D:6

Altars:
Cheibriados
Dithmenos
Elyvilon
Hepliaklqana
Kikubaaqudgha
Nemelex Xobeh
Okawaru
Qazlal
Ru
Sif Muna
Trog
Vehumet
Wu Jian
Xom
Yredelemnul
Zin
The Shining One

Shops:
D:6 [


Innate Abilities, Weirdness & Mutations

((You are very nimble when in or above water. (Stealth+, EV+, Speed+++)))
Your lower body shifts to a powerful aquatic tail in water.


Message History

Done exploring.
There is a stone staircase leading down here.
You climb downwards.
There is a stone staircase leading up here.
Okay, then.
The helpless white imp fails to defend itself.
You slash the white imp!
The white imp is severely wounded.
The white imp hits you but does no damage.
You hit the white imp.
You kill the white imp!
A steam dragon comes into view.
The steam dragon hisses angrily.
The steam dragon breathes steam at you. The ball of steam misses you.
You barely miss the steam dragon.
You are engulfed in a cloud of scalding steam.
The steam dragon bites you!
The steam dragon claws you but does no damage.
You hit the steam dragon.
The steam dragon is poisoned.
The steam dragon is lightly wounded.
You are engulfed in a cloud of scalding steam.
The steam dragon bites you.
The steam dragon claws you but does no damage.
The steam dragon barely misses you. The steam dragon closely misses you.
You slash the steam dragon!
The steam dragon is heavily wounded.
The steam dragon bites you but does no damage.
The steam dragon barely misses you.
You hit the steam dragon.
The steam dragon looks as sick as possible!
The steam dragon is severely wounded.
The steam dragon breathes steam at you. The ball of steam hits you!!
The steam scalds you terribly!
* * * LOW HITPOINT WARNING * * *
You completely miss the steam dragon.
The steam dragon is severely wounded.
You are engulfed in a cloud of scalding steam.
You die...
Hepliaklqana delivers you to your ancestors.

## ## #. .#
#.♣.# ... #D#
##@#######
#...##...##
#....♣....♣.<#
####...##...##
##.####### #.
.. #.♣ #.


You could see a steam dragon (extremely poisoned, catching breath).

Vanquished Creatures
  A water moccasin (D:5)
  A sky beast (D:6)
  2 ogres
  A centaur (D:5)
  2 kobold brigands
  A scorpion (D:5)
  A howler monkey (D:4)
  A bombardier beetle (D:6)
  2 crimson imps (D:4)
  3 jellies
  2 orc priests (D:4)
  Natasha (D:3)
  An iguana (D:5)
  2 orc wizards
  4 adders
  A white imp (D:7)
  A nameless horror (D:5)
  2 ufetubi (D:6)
  5 dart slugs
  2 ribbon worms (D:4)
  5 orcs
  3 ball pythons
  2 bats (D:3)
  An endoplasm (D:3)
  A giant cockroach (D:4)
  3 goblins
  5 hobgoblins
  4 kobolds (D:4)
  A frilled lizard (D:3)
  4 rats
65 creatures vanquished.

Vanquished Creatures (collateral kills)
  An ogre (D:5)
  A phantom (D:5)
  A nameless horror (D:4)
  A bullfrog (D:3)
  A scorpion (D:5)
  2 crimson imps (D:4)
  4 hounds
  An iguana (D:6)
  Natasha (twice) (D:3)
  Robin (D:4)
  3 adders
  A white imp (D:6)
  2 ufetubi (D:6)
  4 ribbon worms
  4 orcs
  3 endoplasms
  9 goblins
  7 hobgoblins
  8 kobolds
  3 quokkas
  8 ball pythons
  A bat (D:1)
  3 frilled lizards
  4 rats
75 creatures vanquished.

Grand Total: 140 creatures vanquished

Notes
Turn   | Place    | Note
-------+----------+-------------------------------------------
     0 | D:1      | EC1 the Merfolk Summoner began the quest for the Orb.
     0 | D:1      | Reached XP level 1. HP: 13/13 MP: 3/3
   100 | D:1      | Reached XP level 2. HP: 5/19 MP: 3/5
   659 | D:1      | Reached XP level 3. HP: 24/24 MP: 4/6
  1279 | D:2      | Learned a level 2 spell: Call Imp
  1283 | D:2      | Learned a level 3 spell: Call Canine Familiar
  1617 | D:2      | Reached skill level 5 in Summonings
  1876 | D:3      | Reached XP level 4. HP: 29/30 MP: 5/7
  1884 | D:3      | Found a sparkling altar of Nemelex Xobeh.
  1926 | D:3      | Noticed Natasha
  1932 | D:3      | Killed Natasha
  1954 | D:3      | Noticed a bullfrog
  1961 | D:3      | Killed a bullfrog
  1962 | D:3      | Reached XP level 5. HP: 35/35 MP: 2/9
  2271 | D:3      | Noticed Natasha
  2281 | D:3      | Killed Natasha
  2289 | D:3      | Reached skill level 1 in Long Blades
  2316 | D:3      | Noticed Natasha
  2323 | D:3      | Killed Natasha
  2398 | D:3      | Reached XP level 6. HP: 36/42 MP: 10/10
  2887 | D:3      | Learned a level 4 spell: Summon Blazeheart Golem
  3074 | D:4      | Noticed Robin
  3091 | D:4      | Killed Robin
  3216 | D:4      | Noticed a nameless horror
  3282 | D:4      | Killed a nameless horror
  3464 | D:4      | Found a shimmering altar of Xom.
  3575 | D:4      | Reached XP level 7. HP: 40/47 MP: 12/12
  3641 | D:4      | Reached skill level 1 in Axes
  3961 | D:4      | Reached skill level 1 in Fire Magic
  4285 | D:5      | Entered Level 5 of the Dungeon
  4453 | D:4      | Reached skill level 6 in Summonings
  4577 | D:5      | Reached skill level 1 in Shields
  4901 | D:5      | Reached XP level 8. HP: 33/53 MP: 14/14
  5100 | D:5      | Reached skill level 1 in Fighting
  5287 | D:5      | Found a snail-covered altar of Cheibriados.
  5325 | D:5      | Found a bloodstained altar of Trog.
  5616 | D:5      | Reached skill level 5 in Dodging
  5892 | D:5      | Learned a level 4 spell: Summon Lightning Spire
  6034 | D:5      | Reached skill level 5 in Spellcasting
  6081 | D:5      | Found a white marble altar of Elyvilon.
  6081 | D:5      | Found a glowing silver altar of Zin.
  6082 | D:5      | Found a glowing golden altar of the Shining One.
  6303 | D:6      | Reached skill level 7 in Summonings
  6579 | D:6      | Found a hazy altar of Hepliaklqana.
  6613 | D:6      | Found a staircase to the Ecumenical Temple.
  6623 | Temple   | Entered the Ecumenical Temple
  6694 | D:6      | Became a worshipper of Hepliaklqana the Forgotten
  6704 | D:6      | Learned a level 3 spell: Vampiric Draining
  6726 | D:6      | Reached XP level 9. HP: 57/59 MP: 9/17
  7313 | D:6      | Found Tyeceg's Antique Armour Boutique.
  7321 | D:6      | Bought a runed orb for 360 gold pieces
  7922 | D:7      | Engulfed by a steam dragon's steam

Illustrated notes

Levels and vault maps discovered:
D:1:      lightli_arrival_chessboard, layout_basic
D:2:      layout_basic
D:3:      layout_basic, amcnicky_altar_gilded, grunt_decor_resistance,
          uniq_natasha
D:4:      layout_loops_ring, led_xom_imps, chequers_serial_rivers_micro_e,
          hangedman_decor_peaks_small, hangedman_abyss_or_decor_lesser_grid,
          kennysheep_generic_room_11, uniq_robin
D:5:      layout_layer_cave, good_gods_mini_temple, kennysheep_slug_shrine,
          trog_hazing_becter, grunt_tough_drop
D:6:      layout_basic, mainiacjoe_overflow_24_doors, minmay_temple_entry_waves,
          serial_shops, shop, serial_library_hellmonk_small_alcove
D:7:      layout_basic, ashenzari_conservatory_becter, serial_shops,
          nicolae_shop_real_fake_doors, grunt_ministairs_5, uniq_duvessa,
          uniq_crazy_yiuf_cottage, uniq_menkaure
Temple:   nicolae_temple_ecumenical_triangle

Skill      XL: |  1  2  3  4  5  6  7  8  9 |
---------------+----------------------------+-----
Summonings     | 5 6 7 |  7.3
Dodging        | 3 4 5 |  5.4
Spellcasting   | 3 4 5 |  5.6
Long Blades    | 1 |  1.8
Stealth        | 3 4 |  4.4
Axes           | 2 3 |  3.2
Fire Magic     | 1 |  1.1
Shields        | 1 2 |  2.6
Fighting       | 1 |  1.4
Unarmed Combat | |  0.8
Air Magic      | |  0.1

Action                     |  1- 3 |  4- 6 |  7- 9 || total
---------------------------+-------+-------+-------++-------
  Melee: Unarmed           |    23 |       |       ||    23
         Long sword        |    13 |    54 |       ||    67
         War axe           |       |    40 |   138 ||   178
   Cast: Summon Small Mamm |    30 |     2 |     8 ||    40
         Call Canine Famil |     4 |     9 |    31 ||    44
         Call Imp          |     2 |    13 |    15 ||    30
         Summon Blazeheart |       |     2 |     3 ||     5
         Summon Lightning  |       |       |     1 ||     1
    Use: Scroll            |     4 |     6 |     3 ||    13
         Potion            |       |     1 |     1 ||     2
   Stab: Sleeping          |       |     1 |     6 ||     7
         Distracted        |       |       |     2 ||     2
 Armour: Robe              |    33 |    57 |   114 ||   204
  Dodge: Dodged            |    45 |    73 |   172 ||   290
  Block: Other             |     3 |    27 |    34 ||    64
         Reflection        |       |     3 |     8 ||    11

Table legend: (Time is in decaauts)
 A = Elapsed time spent in this place.
 B = Non-inter-level travel time spent in this place.
 C = Inter-level travel time spent in this place.
 D = Time resting spent in this place.
 E = Time spent auto-exploring this place.
 F = Levels seen in this place.
 G = Mean time per level.
                   A        B        C        D        E       F      G
               +--------+--------+--------+--------+--------+-----+--------+
         Total |   7999 |   7957 |     42 |    985 |   3465 |   8 |  999.9 |
       Dungeon |   7957 |   7915 |     42 |    985 |   3465 |   7 | 1136.7 |
        Temple |     42 |     42 |      0 |      0 |      0 |   1 |   42.0 |
               +--------+--------+--------+--------+--------+-----+--------+

Top non-repeatable levels by time:
     D:5: 1710 daAuts
     D:6: 1661 daAuts
     D:4: 1535 daAuts
     D:1: 1260 daAuts
     D:3: 1175 daAuts
     D:2: 597 daAuts
  Temple: 42 daAuts
     D:7: 16 daAuts
